 Dungeon Crawl Stone Soup version 0.26.1-2-gb8aa6d0cf2 (webtiles) character file.

Game seed: 7049684716780506925

637 MalarOregon the Shield-Bearer (level 7, -2/47 HPs)
             Began as a Halfling Fighter on Mar 29, 2021.
             Was a Follower of Qazlal.
             Slain by a sky beast (6 damage)
             ... on level 5 of the Dungeon.
             The game lasted 00:06:31 (5288 turns).

MalarOregon the Shield-Bearer (Halfling Fighter)    Turns: 5288, Time: 00:06:32

Health: -2/47      AC:  8    Str: 19    XL:     7   Next: 80%
Magic:  7/7        EV:  9    Int:  6    God:    Qazlal [*.....]
Gold:   333        SH: 12    Dex: 14    Spells: 6/6 levels left

rFire    . . .     SeeInvis .   a - +0 war axe
rCold    . . .     Faith    .   c - +0 kite shield
rNeg     . . .     Spirit   .   b - +0 scale mail
rPois    .         Reflect  .   v - +0 helmet
rElec    .         Harm     .   (no cloak)
rCorr    .         Rampage  .   (no gloves)
Will     .....                  (no boots)
Stlth    +.........             (no amulet)
HPRegen  0.15/turn              (no ring)
MPRegen  0.10/turn              (no ring)

@: no status effects
A: small, mutation resistance 1
a: Renounce Religion


You were on level 5 of the Dungeon.
You worshipped Qazlal.
Qazlal was aware of your devotion.
You visited 2 branches of the dungeon, and saw 6 of its levels.

You collected 333 gold pieces.

Inventory:

Hand Weapons
 a - a +0 war axe (weapon)
Missiles
 m - 8 boomerangs (quivered)
Armour
 b - a +0 scale mail (worn)
 c - a +0 kite shield (worn)
 v - a +0 helmet (worn)
   (You found it on level 4 of the Dungeon)
Wands
 d - a wand of iceblast (4)
   (You found it on level 5 of the Dungeon)
Scrolls
 g - 3 scrolls of teleportation {unknown}
 i - 2 scrolls of enchant weapon {unknown}
 j - 8 scrolls of identify {unknown}
 k - 4 scrolls of enchant armour {unknown}
 l - 2 scrolls of amnesia {unknown}
 n - 2 scrolls of remove curse {unknown}
 q - 3 scrolls of fear {unknown}
 u - a scroll of magic mapping {unknown}
Potions
 e - a potion of flight {unknown}
 f - 2 potions of curing {@q1}
 h - 3 potions of brilliance
 o - a potion of degeneration {unknown}
 p - a potion of heal wounds {unknown}
 r - a potion of attraction {unknown}
 s - a potion of haste {unknown}
 t - a potion of cancellation {unknown}
 w - 2 potions of might


   Skills:
 + Level 3.8 Fighting
 * Level 4.6 Axes
 + Level 4.5 Armour
 + Level 3.0 Stealth
 * Level 5.8 Shields


You had 6 spell levels left.
You didn't know any spells.
Your spell library contained the following spells:

 Spells                   Type           Power        Failure   Level
 Freeze                   Ice            0%           99%         1
 Frozen Ramparts          Ice            0%           100%        3
 Ozocubu's Armour         Ice            0%           100%        3
 Hailstorm                Conj/Ice       0%           100%        4
 Summon Ice Beast         Ice/Summ       0%           100%        4


Dungeon Overview and Level Annotations

Branches:
Dungeon (5/15)             Temple (1/1) D:4

Altars:
Ashenzari
Cheibriados
Dithmenos
Elyvilon
Fedhas
Hepliaklqana
Kikubaaqudgha
Makhleb
Nemelex Xobeh
Okawaru
Qazlal
Ru
Sif Muna
Trog
Vehumet
Wu Jian
Xom
Yredelemnul
Zin
The Shining One


Innate Abilities, Weirdness & Mutations

You are small and have problems with some larger weapons.
You are somewhat resistant to further mutation.


Message History

You slash the bullfrog zombie! You block the bullfrog zombie's attack.
You closely miss the bullfrog zombie. You block the bullfrog zombie's attack.
The bullfrog zombie hits you but does no damage.
You slash the bullfrog zombie! The bullfrog zombie barely misses you.
The bullfrog zombie hits you but does no damage.
You hit the bullfrog zombie but do no damage.
The bullfrog zombie completely misses you.
The bullfrog zombie barely misses you.
You hit the bullfrog zombie.
You destroy the bullfrog zombie!
Qazlal accepts your kill.
No target in view!
No target in view!
Found a stone staircase leading down.
Found a stone staircase leading up.
A sky beast comes into view.
The sky beast flickers out of sight!
Deactivating autopickup; reactivate with Ctrl-A.
Found a slimy chain mail.
There is a strange disturbance nearby!
There is a strange disturbance nearby!
There is a strange disturbance nearby!
No target in view!
No target in view!
Something hits you. Something shocks you.
Found an iron altar of Okawaru and an ornate altar of the Wu Jian Council.
You slash something! Something hits you. Something shocks you.
Something hits you. Something shocks you.
You closely miss something. Something hits you.
* * * LOW HITPOINT WARNING * * *
Something shocks you.
* * * LOW HITPOINT WARNING * * *
Unknown command.
You miss something. Something hits you.
* * * LOW HITPOINT WARNING * * *
Something shocks you.
* * * LOW HITPOINT WARNING * * *
Unknown command.
A sky beast appears from thin air!
Reactivating autopickup.
You barely miss the sky beast. The sky beast hits you.
* * * LOW HITPOINT WARNING * * *
The sky beast shocks you.
You die...

### ..# #.# #.####
#.##.### # #
#..8.#.#.#.#._ #
#.○.§......... #
#.@Y......[...#####
..#.#8.#.#.#.#._#..##
#.#.####⌠#.# # ##.##
#.#.# #### # #.## #.#.#
#.# ###.##
#####.#.###.########.....
....[....................
#####.#.......#...##...##
#...##...####.##...##


You could see a sky beast.

Vanquished Creatures
  An ogre (D:4)
  2 bullfrog zombies (D:5)
  3 hounds (D:5)
  2 orc priests (D:5)
  2 orc wizards
  2 worker ants (D:4)
  11 adders
  A white imp (D:5)
  An ooze (D:3)
  7 worms
  A dart slug (D:1)
  2 leopard geckos (D:5)
  26 orcs
  2 ball pythons (D:2)
  A giant cockroach (D:1)
  6 goblins
  5 hobgoblins
  6 quokkas
  6 bats
  7 frilled lizards
  6 kobolds
  2 leopard gecko skeletons
  6 rats
108 creatures vanquished.

Vanquished Creatures (others)
  8 plants (D:4)
8 creatures vanquished.

Grand Total: 116 creatures vanquished

Notes
Turn   | Place    | Note
-------+----------+-------------------------------------------
     0 | D:1      | MalarOregon the Halfling Fighter began the quest for the
                  | Orb.
     0 | D:1      | Reached XP level 1. HP: 15/15 MP: 1/1
   245 | D:1      | Reached XP level 2. HP: 20/20 MP: 2/2
   794 | D:2      | Reached XP level 3. HP: 25/25 MP: 3/3
   948 | D:2      | Reached skill level 1 in Stealth
  1017 | D:2      | Reached XP level 4. HP: 31/31 MP: 4/4
  1111 | D:2      | Reached skill level 4 in Shields
  1584 | D:3      | Reached XP level 5. HP: 35/36 MP: 5/5
  2336 | D:4      | Noticed an ogre
  3076 | D:4      | Reached XP level 6. HP: 34/42 MP: 6/6
  3521 | D:4      | Found a staircase to the Ecumenical Temple.
  3531 | Temple   | Entered the Ecumenical Temple
  3725 | Temple   | Became a worshipper of Qazlal Stormbringer
  3880 | D:4      | Killed an ogre
  3881 | D:4      | Reached skill level 5 in Shields
  4225 | D:5      | Entered Level 5 of the Dungeon
  4232 | D:5      | Reached XP level 7. HP: 28/46 MP: 7/7
  4727 | D:5      | Found a glowing golden altar of the Shining One.
  4944 | D:5      | Reached * piety under Qazlal
  5280 | D:5      | Found an iron altar of Okawaru.
  5280 | D:5      | Found an ornate altar of the Wu Jian Council.
  5288 | D:5      | Slain by a sky beast

Illustrated notes

Levels and vault maps discovered:
D:1:      roderic_crossed_star, layout_loops_ring, minivault_25
D:2:      layout_loops_ring, kennysheep_potato
D:3:      layout_rooms
D:4:      kennysheep_six_static_rooms, layout_loops_corners,
          minmay_temple_entry_gardened_gates, palyth_stone_intersect
D:5:      kennysheep_spiral_hall, layout_basic, minitemple,
          roderic_filled_cross, minmay_misc_feat_hallway, tso_metal_star
Temple:   eino_narrow_crystal_temple

Skill      XL: |  1  2  3  4  5  6  7 |
---------------+----------------------+-----
Stealth        | 1 2 3 |  3.0
Fighting       | 3 |  3.8
Shields        | 4 5 |  5.8
Axes           | 3 4 |  4.6
Armour         | 4 |  4.5

Action                   |  1- 3 |  4- 6 |  7- 9 || total
-------------------------+-------+-------+-------++-------
Melee: War axe           |    71 |   201 |    94 ||   366
  Use: Potion            |       |     1 |     2 ||     3
Armor: Scale mail        |    30 |    63 |    39 ||   132
Dodge: Dodged            |    28 |    67 |    35 ||   130
Block: Kite shield       |    30 |   128 |    75 ||   233
